 Dungeon Crawl Stone Soup version 0.31-a0-1009-g454b1f1e0a (webtiles) character file.

Game seed: 13235269757373561700

55 MackTheKnife the Cutter (level 3, -6/20 HPs)
             Began as a Vine Stalker Berserker on Nov 13, 2023.
             Was a Believer of Trog.
             Killed by nerve-wracking pain
             ... invoked by an orc priest
              (13 damage)
             ... on level 3 of the Dungeon.
             The game lasted 00:02:12 (1265 turns).

MackTheKnife the Cutter (Vine Stalker Berserker)    Turns: 1265, Time: 00:02:13

Health: -6/20      AC: 11    Str: 19    XL:     3   Next: 93%
Magic:  0/4        EV: 11    Int:  7    God:    Trog [**....]
Gold:   143        SH:  5    Dex: 15    Spells: 2/2 levels left

rFire   . . .        j - +0 rapier {short}
rCold   . . .        (no shield)
rNeg    . . .        p - +0 leather armour
rPois   .            n - +0 helmet
rElec   .            (no cloak)
rCorr   .            (no gloves)
SInv    .            e - +2 pair of boots
Will    .....        g - amulet of reflection
Stlth   +            o - +4 ring of protection
HPRegen 1.03/turn    (no ring)
MPRegen 0.09/turn

%: reflection, guardian spirit
@: no status effects
A: fangs 2, regeneration 1, magic shield, antimagic bite, no potion heal 2
a: Renounce Religion, Berserk, Trog's Hand


You were on level 3 of the Dungeon.
You worshipped Trog.
Trog was pleased with you.
You visited 1 branch of the dungeon, and saw 4 of its levels.

You collected 143 gold pieces.


Innate Abilities, Weirdness & Mutations

You have extremely sharp teeth.
Your natural rate of healing is unusually fast.
When hurt, damage is shared between your health and your magic reserves.
Your bite disrupts and absorbs the magic of your enemies.
Potions cannot restore your health.


   Skills:
 - Level 3.1 Fighting
 + Level 3.9 Short Blades
 - Level 1.5 Armour
 - Level 1.5 Dodging


You had 2 spell levels left.
You didn't know any spells.
Your spell library contained the following spells:

 Spells                   Type           Power      Damage    Failure   Level
 Dazzling Flash           Conj/Hex       0%         N/A       86%         3
 Volatile Blastmotes      Fire/Tloc      0%         2d10      86%         3
 Starburst                Conj/Fire      0%         6d3       100%        6
 Maxwell's Capacitive Co  Air            0%         ∞         100%        8

Inventory:

Hand Weapons
 a - a +0 short sword {short}
 j - a +0 rapier (weapon) {short}
   (You found it on level 2 of the Dungeon)
Armour
 e - a +2 pair of boots (worn)
   (You found it on level 1 of the Dungeon)
 n - a +0 helmet (worn)
   (You found it on level 3 of the Dungeon)
 p - a +0 leather armour (worn)
   (You found it on level 3 of the Dungeon)
Jewellery
 g - an amulet of reflection (around neck)
   (You found it on level 1 of the Dungeon)
 o - a +4 ring of protection (left hand)
   (You found it on level 3 of the Dungeon)
Scrolls
 c - 6 scrolls of identify {unknown}
 f - 2 scrolls of enchant weapon {unknown}
 h - a scroll of fear {unknown}
 i - a scroll of enchant armour {unknown}
 k - a scroll of blinking {unknown}
 l - 2 scrolls of teleportation {unknown}
Potions
 d - 2 potions of attraction {unknown}
 m - a potion of haste {unknown}

Dungeon Overview and Level Annotations

Branches:
Dungeon (4/15) Zot: 22737
 Temple: D:4-7

Altars:

#...#.#
#..#.#.#...
#..........
##.#†###.## #.#.#
#.....# #.#.#
..... #.#.# .....
### #.#.# ... #..
#@#.# ... #.#
#o#.# #.# ###.#
#.#.# #.# #....
#.#.# #.####.###
#.#.#####......# #
#........#####.###
###.####..........
#..............#
################


You could see an orc priest.


Message History

You hear the sound of rushing water.
There is an entrance to a sewer on this level.
Hurry and find it before the portal rusts away!
The endoplasm quivers.
There is a stone staircase leading up here.
Unknown command.
Unknown command.
The endoplasm freezes you.
You are frozen. 😕 HP[-2]
You take 2 damage, and now have 18/20 hp.
There is a stone staircase leading up here. 😕 HP[+1]
The endoplasm barely misses you.
You climb upwards.
There is a stone staircase leading down here. 😎 HP[+1]
Your hp is fully restored (20).
You hit the endoplasm. You bite the endoplasm.
You kill the endoplasm!
Trog accepts your kill.
No target in view!
You climb downwards.
You hear the sound of rushing water.
There is an entrance to a sewer on this level.
Hurry and find it before the portal rusts away!
There is a stone staircase leading up here.
Unknown command.
An orc priest and an orc come into view.
The orc shouts!
Unknown command.
Unknown command.
The orc priest shouts!
The orc priest attacks as it pursues you!
The orc priest hits you but does no damage.
There is a stone staircase leading up here.
Unknown command.
The orc priest completely misses you.
You climb upwards.
There is a stone staircase leading down here.
Unknown command.
You hit the orc priest but do no damage.
The orc priest hits you with a +0 club. 😕 HP[-2] MP[-1]
You take 2 damage, and now have 18/20 hp.
You lost 1 mp, and now have 3/4 mp.
You hit the orc priest but do no damage.
The orc priest completely misses you. 😕 HP[+1]
You barely miss the orc priest. Your bite misses the orc priest.
The orc priest hits you but does no damage. 😎 HP[+1]
Your hp is fully restored (20).
You barely miss the orc priest. The orc priest completely misses you.
You hit the orc priest. The orc priest barely misses you.
Unknown command.
You hit the orc priest but do no damage.
The orc priest looks encouraged for a moment.
You hit the orc priest but do no damage.
Your bite misses the orc priest. The orc priest barely misses you.
You hit the orc priest but do no damage.
The orc priest hits you with a +0 club. 😕 HP[-4]
You take 4 damage, and now have 16/20 hp.
You puncture the orc priest!
You bite the orc priest, but do no damage.
The orc priest hits you but does no damage. 😕 HP[+1]
You hit the orc priest. The orc priest misses you. 😕 HP[+1]
You barely miss the orc priest. You bite the orc priest. You drain its power.
You feel invigorated.
The orc priest calls down the wrath of Beogh upon you.
Beogh smites you! 😮 HP[-6] MP[-1]
You take 6 damage, and now have 12/20 hp.
MASSIVE DAMAGE!! (PAUSE)
You lost 1 mp, and now have 2/4 mp.
You hit the orc priest but do no damage.
The orc priest closely misses you. 😮 HP[+1]
You hit the orc priest but do no damage.
You block the orc priest's attack. 😮 HP[+1] MP[+1]
You barely miss the orc priest.
You bite the orc priest, but do no damage.
The orc priest looks encouraged for a moment. 😮 HP[+1]
You closely miss the orc priest. Your bite misses the orc priest.
The orc priest mumbles some strange prayers to Beogh against you.
Pain shoots through your body!
Ouch! That really hurt!
* * * LOW HITPOINT WARNING * * *
😨 HP[-9] MP[-3]
You take 9 damage, and now have 6/20 hp.
MASSIVE DAMAGE!! (PAUSE)
You lost 3 mp, and now have 0/4 mp.
You closely miss the orc priest.
The orc priest calls down the wrath of Beogh upon you.
Pain shoots through your body!
Ouch! That really hurt!
You die...

Skill      XL: |  1  2 |
---------------+-------+-----
Fighting       | 3 |  3.1
Short Blades   | 3 |  3.9
Armour         | |  1.5
Dodging        | |  1.5

Action                     || total
---------------------------++-------
  Melee: Short sword       ||    37
         Bite              ||    24
         Punch             ||     3
         Rapier            ||    66
   Stab: Sleeping          ||     4
 Armour: Animal skin       ||    34
         Leather armour    ||     5
  Dodge: Dodged            ||    37
  Block: Other             ||    11

Levels and vault maps discovered:
D:1:      sevenhm_arrival_forest_fort_large_4, layout_loops_ring
D:2:      layout_loops_cross
D:3:      layout_loops_ring, shapermc_ecumenical_altar_pompeii
D:4:      layout_loops_ring, lightli_sewer_entry_pipes, minmay_strange_pillars

Notes
Turn   | Place    | Note
-------+----------+-------------------------------------------
     0 | D:1      | MackTheKnife the Vine Stalker Berserker began the quest for
                  | the Orb.
     0 | D:1      | Reached XP level 1. HP: 11/11 MP: 2/2
     0 | D:1      | magus.rc [v1.9.6]
   108 | D:1      | You pick up a book of Spectacle {forbidden} and begin
                  | reading...
   108 | D:1      | You add the spells Volatile Blastmotes, Dazzling Flash,
                  | Starburst and Maxwell's Capacitive Coupling to your
                  | library.
   123 | D:1      | Reached XP level 2. HP: 16/16 MP: 3/3
   251 | D:1      | Reached skill level 3 in Fighting
   251 | D:1      | Reached skill level 3 in Short Blades
   744 | D:2      | Reached XP level 3. HP: 20/20 MP: 4/4
  1040 | D:3      | Found a faded altar of an unknown god.
  1228 | D:3      | Reached ** piety under Trog
  1265 | D:3      | Killed from afar by an orc priest

Vanquished Creatures
  2 adders (D:2)
  2 worms (D:2)
  A dart slug (D:1)
  2 endoplasms (D:3)
  4 giant cockroaches
  A goblin (D:2)
  3 hobgoblins
  2 kobolds
  3 quokkas
  3 ball pythons
  A bat (D:3)
  A frilled lizard (D:3)
  2 rats (D:1)
27 creatures vanquished.

Table legend:
 A = Non-vault XP
 B = Vault XP
 C = Vault XP percentage of total XP
 D = Non-vault monster count
 E = Vault monster count
 F = Vault count percentage of total count
                 A         B        C        D         E       F
            +---------+---------+-------+---------+---------+-------
      Total |      79 |       0 |   0.0 |      27 |       0 |   0.0
            +---------+---------+-------+---------+---------+-------
        D:1 |      15 |       0 |   0.0 |       8 |       0 |   0.0
        D:2 |      50 |       0 |   0.0 |      11 |       0 |   0.0
        D:3 |      14 |       0 |   0.0 |       8 |       0 |   0.0
            +---------+---------+-------+---------+---------+-------

Skill      XL: |  1  2 |
---------------+-------+-----
Fighting       | 3 |  3.1
Short Blades   | 3 |  3.9
Armour         | |  1.5
Dodging        | |  1.5

Action                     || total
---------------------------++-------
  Melee: Short sword       ||    37
         Bite              ||    24
         Punch             ||     3
         Rapier            ||    66
   Stab: Sleeping          ||     4
 Armour: Animal skin       ||    34
         Leather armour    ||     5
  Dodge: Dodged            ||    37
  Block: Other             ||    11

Illustrated notes

Table legend:
 A = Kills in this place as a percentage of kills in the entire game.
 B = Kills by you in this place as a percentage of kills by you in the entire game.
 C = Kills by friends in this place as a percentage of kills by friends in the entire game.
 D = Other kills in this place as a percentage of other kills in the entire game.
 E = Experience gained in this place as a percentage of experience gained in the entire game.
 F = Experience gained in this place divided by the number of levels of this place that you have seen.
                   A       B       C       D       E      F
               +-------+-------+-------+-------+-------+----------------------
         Total | 100.0 | 100.0 |   N/A |   N/A | 100.0 |  19.8
       Dungeon | 100.0 | 100.0 |   N/A |   N/A | 100.0 |  19.8
               +-------+-------+-------+-------+-------+----------------------

Table legend: (Time is in decaauts)
 A = Elapsed time spent in this place.
 B = Non-inter-level travel time spent in this place.
 C = Inter-level travel time spent in this place.
 D = Time resting spent in this place.
 E = Time spent auto-exploring this place.
 F = Levels seen in this place.
 G = Mean time per level.
                   A        B        C        D        E       F      G
               +--------+--------+--------+--------+--------+-----+--------+
         Total |   1261 |   1188 |     73 |      0 |    859 |   4 |  315.2 |
       Dungeon |   1261 |   1188 |     73 |      0 |    859 |   4 |  315.2 |
               +--------+--------+--------+--------+--------+-----+--------+

Top non-repeatable levels by time:
     D:1: 535 daAuts
     D:2: 410 daAuts
     D:3: 304 daAuts
     D:4: 10 daAuts
